 Dungeon Crawl Stone Soup version 0.23-a0-470-g6f7cfd9 (console) character file.

131 bli the Skirmisher (level 5, 0/35 HPs)
             Began as a Gargoyle Monk on Nov 18, 2018.
             Slain by Sigmund
             ... wielding a +0 scythe
              (3 damage)
             ... on level 2 of the Dungeon on Nov 26, 2018.
             The game lasted 00:07:35 (1863 turns).

bli the Skirmisher (Gargoyle Monk)                  Turns: 1863, Time: 00:07:35

Health: 0/35       AC:  6    Str: 14    XL:     5   Next: 14%
Magic:  0/5        EV: 18    Int: 11    God:
Gold:   88         SH:  0    Dex: 18    Spells: 4/4 levels left

rFire    + + .     SeeInvis .   a - +0 mace
rCold    . . .     Gourm    .   (no shield)
rNeg     + . .     Faith    .   b - +0 robe
rPois    ∞         Spirit   +   (no helmet)
rElec    +         Reflect  .   l - scarf {Spirit}
rCorr    +         Harm     .   (no gloves)
MR       .....                  (no boots)
Stlth    +++.......             (no amulet)
HPRegen  0.11/turn              p - ring of fire
MPRegen  0.09/turn              (no ring)

@: agile, resistant, flying
A: negative energy resistance 1, electricity resistance, unbreathing,
petrification resistance, rot immunity, AC +4
a: no special abilities


You were on level 2 of the Dungeon.
You were not hungry.

You visited 1 branch of the dungeon, and saw 2 of its levels.

You collected 88 gold pieces.

Inventory:

Hand Weapons
 a - a +0 mace (weapon)
 o - a cursed -3 spear
Missiles
 e - 37 stones (quivered)
 f - 6 sling bullets
Armour
 b - a +0 robe (worn)
 l - a scarf of spirit shield (worn)
Jewellery
 p - a ring of fire (left hand)
Scrolls
 g - 2 scrolls of fog {unknown}
 i - 4 scrolls of remove curse {unknown}
 k - a scroll of blinking {unknown}
 m - 2 scrolls of teleportation {unknown}
 n - a scroll of amnesia {unknown}
 s - a scroll of identify {unknown}
Potions
 r - a potion of flight
Comestibles
 c - 2 rations


   Skills:
 + Level 5.0 Fighting
 * Level 4.4 Maces & Flails
 + Level 2.4 Dodging
 - Level 2.1 Stealth


You had 4 spell levels left.
You didn't know any spells.
Your spell library was empty.

Dungeon Overview and Level Annotations

Branches:
Dungeon (2/15)

Altars:
Gozag
Makhleb
Vehumet

Annotations:
D:2 Sigmund


Innate Abilities, Weirdness & Mutations

You are resistant to torment.
Your stone body is resilient. (AC +4)
You are immune to poison.
You resist negative energy. (rN+)
You are resistant to electric shocks. (rElec)
You can survive without breathing.
You are immune to petrification.
You are immune to rotting.


Message History

Deactivating autopickup; reactivate with Ctrl-A.
You hit something. Something hits you!
You bump into the rock wall.
You hear some strange, mumbled words.
You are more confused.
Something hits you!
* * * LOW HITPOINT WARNING * * *
You hit something but do no damage. Something barely misses you.
Something hits you but does no damage.
You hear some strange, mumbled words.
Something tries to affect you, but you resist.
You barely miss something. Something closely misses you.
You barely miss something.
You feel less confused.
You hear some strange, mumbled words.
A magic dart appears from out of thin air!
The magic dart hits you!
* * * LOW HITPOINT WARNING * * *
You barely miss something. Something hits you.
You die...

#.# #.# #.# #### #.#
#.. #.# #.#
##.########.#####
##..........@....#
#......#####.###.#
#....#.##........#
#......##.##.##{.###.#
##)...#.## #...@.....#
.....##.# ####..#####
##......# #....#
###.#### #.#.## ##'##
.....# ##...## ###.###
##.....## #.
#.......## #
.....>...# .........+
........>#


There were no monsters in sight!

Vanquished Creatures
  Natasha (twice) (D:2)
  4 adders (D:2)
  An ooze (D:1)
  A dart slug (D:2)
  A leopard gecko (D:1)
  A giant cockroach (D:1)
  2 goblins
  2 hobgoblins (D:2)
  5 kobolds
  A ball python (D:1)
  6 bats
  A frilled lizard (D:2)
  21 rats
48 creatures vanquished.

Notes
Turn   | Place    | Note
-------+----------+-------------------------------------------
     0 | D:1      | bli the Gargoyle Monk began the quest for the Orb.
     0 | D:1      | Reached XP level 1. HP: 14/14 MP: 1/1
    37 | D:1      | Reached XP level 2. HP: 20/20 MP: 2/2
   250 | D:1      | Reached skill level 4 in Fighting
   383 | D:1      | Reached XP level 3. HP: 14/24 MP: 3/3
   799 | D:2      | Upgraded the game from 0.23-a0-446-g036aa52 to
                  | 0.23-a0-470-g6f7cfd9
   826 | D:2      | Found an opulent altar of Gozag.
   881 | D:2      | Reached XP level 4. HP: 10/30 MP: 2/4
  1197 | D:2      | Noticed Sigmund
  1224 | D:2      | Noticed Natasha
  1261 | D:2      | Killed Natasha
  1417 | D:2      | Found a burning altar of Makhleb.
  1417 | D:2      | Found a radiant altar of Vehumet.
  1495 | D:2      | Noticed Natasha
  1504 | D:2      | Killed Natasha
  1504 | D:2      | Reached XP level 5. HP: 29/34 MP: 3/5
  1567 | D:2      | Reached skill level 5 in Fighting
  1863 | D:2      | Slain by Sigmund

Vault maps used:
D:1:      erik_arrival_orb_chamber, minmay_misc_feat_chi
D:2:      gammafunk_temple_overflow_elements, nicolae_overflow_crystal_walls,
          first_ration, uniq_natasha, uniq_sigmund, uniq_crazy_yiuf_cottage

Skill      XL: |  1  2  3  4  5 |
---------------+----------------+-----
Fighting       | 4 5 |  5.0
Maces & Flails | 4 |  4.4
Dodging        | |  2.4
Stealth        | |  2.1

Action                   |  1- 3 |  4- 6 || total
-------------------------+-------+-------++-------
Melee: Mace              |    97 |    98 ||   195
Throw: Stone             |     2 |     4 ||     6
  Use: Potion            |       |     4 ||     4
 Stab: Sleeping          |     3 |     3 ||     6
  Eat: Chunk             |       |     3 ||     3
Armor: Robe              |    39 |    32 ||    71
Dodge: Dodged            |    74 |    75 ||   149

Table legend:
 A = Non-vault XP
 B = Vault XP
 C = Vault XP percentage of total XP
 D = Non-vault monster count
 E = Vault monster count
 F = Vault count percentage of total count
                 A         B        C        D         E       F
            +---------+---------+-------+---------+---------+-------
      Total |     141 |      47 |  25.0 |      35 |      13 |  27.1
            +---------+---------+-------+---------+---------+-------
        D:1 |      26 |      12 |  31.6 |      12 |      12 |  50.0
        D:2 |     115 |      35 |  23.3 |      23 |       1 |   4.2
            +---------+---------+-------+---------+---------+-------
